 Dungeon Crawl Stone Soup version 0.23.1 (webtiles) character file.

Game seed: 6989812442932829788

953 Marnok the Chopper (level 7, -8/61 HPs)
             Began as a Yellow Draconian Berserker on Mar 17, 2019.
             Was an Elder of Trog.
             Mangled by an orc warrior
             ... wielding a +2 battleaxe of chopping
              (13 damage)
             ... on level 6 of the Dungeon.
             The game lasted 00:16:35 (2615 turns).

Marnok the Chopper (Yellow Draconian Berserker)     Turns: 2615, Time: 00:16:36

Health: -8/61      AC:  7    Str: 20    XL:     7   Next: 90%
Magic:  7/7        EV: 11    Int:  7    God:    Trog [****..]
Gold:   204        SH:  8    Dex: 12    Spells: 6/6 levels left

rFire    + . .     SeeInvis .   p - +4 war axe
rCold    x . .     Gourm    .   n - +0 shield
rNeg     . . .     Faith    .   (armour unavailable)
rPois    .         Spirit   .   (helmet restricted)
rElec    .         Reflect  .   i - +0 cloak
rCorr    +         Harm     .   (no gloves)
MR       .....                  (no boots)
Stlth    ++........             (no amulet)
HPRegen  0.20/turn              (no ring)
MPRegen  0.10/turn              k - ring of fire

@: about to teleport, berserk cooldown, slowed, very slow
A: spit acid, unfitting armour, cold-blooded, acid resistance, AC +6
a: Breathe Acid, Berserk, Trog's Hand, Brothers in Arms, Renounce Religion


You were on level 6 of the Dungeon.
You worshipped Trog.
Trog was greatly pleased with you.
You were not hungry.

You visited 1 branch of the dungeon, and saw 6 of its levels.

You collected 204 gold pieces.

Inventory:

Hand Weapons
 a - a +1 hand axe
 p - a +4 war axe (weapon)
Armour
 i - a +0 cloak (worn)
 n - a +0 shield (worn)
Jewellery
 j - an uncursed ring of teleportation
 k - a ring of fire (right hand)
 m - an uncursed amulet of regeneration {unknown}
Wands
 f - a wand of acid (9)
 o - a wand of clouds (5)
Scrolls
 c - 2 scrolls of teleportation
 d - 2 scrolls of remove curse
 g - a scroll of fear
 h - 2 scrolls of magic mapping {unknown}
Potions
 e - 2 potions of heal wounds {unknown}
 l - a potion of might {unknown}
 q - a potion of brilliance {unknown}
 r - a potion of berserk rage {unknown}
Comestibles
 b - 6 rations
 s - 13 chunks of flesh


   Skills:
 + Level 5.3 Fighting
 + Level 7.0 Axes
 + Level 4.8 Dodging
 + Level 1.3 Stealth
 + Level 1.9 Shields


You had 6 spell levels left.
You didn't know any spells.
Your spell library contained the following spells:

 Spells                   Type           Power        Failure   Level  Hunger
 Magic Dart               Conj           #...         94%         1    ##.....
 Blink                    Tloc           N/A          98%         2    ###....
 Call Imp                 Summ           #.......     98%         2    ###....
 Slow                     Hex            #.......     98%         2    ###....
 Conjure Flame            Conj/Fire      #.......     100%        3    ####...
 Mephitic Cloud           Conj/Pois/Air  #.......     100%        3    ####...


Dungeon Overview and Level Annotations

Branches:
Dungeon (6/15)             Temple (0/1) D:4

Altars:
Kikubaaqudgha
Okawaru
Uskayaw
Vehumet
Wu Jian
Yredelemnul


Innate Abilities, Weirdness & Mutations

You can spit globs of acid.
Your golden yellow scales are hard. (AC +6)
You cannot fit into any form of body armour.
You are cold-blooded and may be slowed by cold attacks.
You are resistant to acid. (rCorr)


Message History

You hit the orc warrior but do no damage.
Your tail-slap misses the orc warrior.
The orc warrior is moderately wounded.
The orc warrior barely misses you.
You closely miss the orc warrior.
The orc warrior is moderately wounded.
The orc warrior hits you but does no damage.
Your shield prevents you from hitting the orc warrior.
Your tail-slap misses the orc warrior.
The orc warrior is moderately wounded.
The bullfrog hits you.
The orc warrior hits you with a +2 battleaxe of chopping!!
The bullfrog barely misses you.
The orc priest calls down the wrath of Beogh upon you.
Beogh smites you!
* * * LOW HITPOINT WARNING * * *
As you read the scroll of teleportation, it crumbles to dust.
You feel strangely unstable. You block the bullfrog's attack.
The orc warrior hits you with a +2 battleaxe of chopping!
You die...

. #. ..##.#♣ #.##.##..#
#..#.....## ###
#.#.##........# ######
†.###...###....#..#
.....
#)...............###..#
#......#####...#.))).#
...............#.#####
.##....#####.#..@#######
.##....# ##.....oFoo....
.#.....###..###.##o.....
.......>................
........................
#####################...
###


You could see an orc warrior, a bullfrog, an orc priest and 2 orcs.

Vanquished Creatures
  A phantom (D:5)
  An ogre (D:6)
  2 crimson imps (D:6)
  2 bullfrog zombies (D:4)
  A centaur zombie (D:4)
  A hound (D:6)
  2 jellies (D:6)
  4 orc priests
  A bullfrog skeleton (D:4)
  5 orc wizards
  A killer bee zombie (D:5)
  A worker ant zombie (D:5)
  7 adders
  2 adder zombies (D:4)
  4 oozes
  An adder skeleton (D:4)
  3 worms
  A dart slug (D:1)
  4 leopard geckos
  11 orcs
  3 ball pythons
  9 bats
  3 giant cockroaches
  8 goblins
  6 hobgoblins
  6 jackals
  10 kobolds
  3 quokkas
  4 frilled lizards
  A jackal zombie (D:4)
  A leopard gecko zombie (D:4)
  A quokka skeleton (D:4)
  12 rats
122 creatures vanquished.

Vanquished Creatures (others)
  A worm (D:2)
1 creature vanquished.

Grand Total: 123 creatures vanquished

Notes
Turn   | Place    | Note
-------+----------+-------------------------------------------
     0 | D:1      | Marnok the Draconian Berserker began the quest for the Orb.
     0 | D:1      | Reached XP level 1. HP: 19/19 MP: 1/1
    46 | D:1      | Reached XP level 2. HP: 20/26 MP: 2/2
    84 | D:2      | Reached XP level 3. HP: 17/33 MP: 3/3
   323 | D:2      | Found an ancient bone altar of Kikubaaqudgha.
   644 | D:1      | Reached XP level 4. HP: 28/40 MP: 4/4
   770 | D:1      | Reached ** piety under Trog
  1043 | D:2      | Found an ornate altar of the Wu Jian Council.
  1043 | D:2      | Found an iron altar of Okawaru.
  1132 | D:2      | Reached skill level 4 in Axes
  1327 | D:3      | Reached *** piety under Trog
  1390 | D:3      | Reached XP level 5. HP: 25/46 MP: 5/5
  1458 | D:2      | Found a basalt altar of Yredelemnul.
  1683 | D:2      | Found a radiant altar of Vehumet.
  1908 | D:3      | Reached skill level 5 in Axes
  1908 | D:3      | Reached XP level 6. HP: 41/53 MP: 6/6
  1988 | D:4      | Reached skill level 1 in Stealth
  1988 | D:4      | Reached skill level 1 in Shields
  2004 | D:4      | Noticed a +0 hand axe
  2005 | D:4      | Found a hide-covered altar of Uskayaw.
  2005 | D:4      | Noticed a +0 hand axe
  2085 | D:5      | Entered Level 5 of the Dungeon
  2282 | D:4      | Found a staircase to the Ecumenical Temple.
  2401 | D:5      | Reached **** piety under Trog
  2419 | D:5      | Your scales start taking on a golden yellow colour.
  2419 | D:5      | Reached XP level 7. HP: 54/60 MP: 7/7
  2419 | D:5      | Gained mutation: You are resistant to acid. (rCorr) [Yellow
                  | Draconian growth]
  2478 | D:5      | Reached skill level 6 in Axes
  2502 | D:6      | Reached skill level 5 in Fighting
  2598 | D:6      | Reached skill level 7 in Axes
  2615 | D:6      | Mangled by an orc warrior

Skill      XL: |  1  2  3  4  5  6  7 |
---------------+----------------------+-----
Dodging        | 3 4 |  4.8
Fighting       | 4 5 |  5.3
Axes           | 4 5 7 |  7.0
Stealth        | 1 |  1.3
Shields        | 1 |  1.9

Action                   |  1- 3 |  4- 6 |  7- 9 || total
-------------------------+-------+-------+-------++-------
Melee: Hand axe          |    71 |   207 |       ||   278
       Tailslap          |     6 |    36 |     8 ||    50
       War axe           |       |    42 |    48 ||    90
Invok: Berserk           |     1 |     1 |     1 ||     3
       Trog's Hand       |       |     1 |       ||     1
 Abil: Breathe Acid      |       |       |     1 ||     1
  Use: Scroll            |       |     7 |     2 ||     9
       Potion            |       |     2 |       ||     2
 Stab: Sleeping          |       |     2 |       ||     2
  Eat: Chunk             |       |     7 |     2 ||     9
Armor: Skin              |    27 |   100 |     8 ||   135
Dodge: Dodged            |    45 |   157 |    23 ||   225
Block: Shield            |       |    66 |    13 ||    79
